 Dungeon Crawl Stone Soup version 0.31-a0-149-g3fdcc5976a (webtiles) character file.

Game seed: 15990843724766418114

31413 erloom the Thaumaturge (level 13, -5/93 HPs)
             Began as a Djinni Fire Elementalist on June 4, 2023.
             Was a High Priest of Makhleb.
             Slain by an elephant (14 damage)
             ... on level 2 of the Lair of Beasts on June 7, 2023.
             The game lasted 00:53:37 (13984 turns).

erloom the Thaumaturge (Djinni Fire Elementalist)  Turns: 13984, Time: 00:53:38

Health: -5/93      AC:  7    Str: 13    XL:     13   Next: 96%
Gold:   1073       EV: 15    Int: 21    God:    Makhleb [*****.] SH: 10 Dex: 15

rFire   + + .        o - +10 war axe of Voku {heavy, rElec}
rCold   x . .        G - +0 buckler
rNeg    . . .        N - +0 troll leather armour
rPois   ∞            T - +0 helmet
rElec   +            m - +0 cloak
rCorr   .            C - +0 pair of gloves
SInv    .            (boots unavailable)
Will    +....        l - amulet of reflection
Stlth   +++          z - ring of wizardry
HPRegen 1.15/turn    F - +6 ring of strength
MPRegen 0.00/turn

%: reflection, wizardry (x1), infuse magic (-6 HP)
@: flying
A: sickness immunity, fire resistance 2, cold vulnerability 1, float, innate
caster, HP casting, extra vitality 1
a: Renounce Religion, Minor Destruction, Lesser Servant of Makhleb, Major
Destruction, Greater Servant of Makhleb


You were on level 2 of the Lair of Beasts.
You worshipped Makhleb.
Makhleb was extremely pleased with you.
You visited 3 branches of the dungeon, and saw 15 of its levels.

You collected 1073 gold pieces.

Inventory:

Hand Weapons
 g - the +7 lajatang of Order {silver, rMut}
   (You found it on level 3 of the Lair of Beasts)

   rMut:      It protects you from mutation.
 k - a +0 falchion
 o - the +10 war axe of Voku (weapon) {heavy, rElec}
   (You found it on level 3 of the Dungeon)

   rElec:     It insulates you from electricity.
Armour
 c - a +0 robe of the Archmagi
 m - a +0 cloak (worn)
 C - a +0 pair of gloves (worn)
 G - a +0 buckler (worn)
 J - a +1 leather armour of willpower
 M - +0 steam dragon scales
 N - a +0 troll leather armour (worn)
 T - a +0 helmet (worn)
Magical Staves
 E - a staff of death
Jewellery
 l - an amulet of reflection (around neck)
 z - a ring of wizardry (left hand)
 F - a +6 ring of strength (right hand)
 I - a ring of protection from fire
Wands
 d - a wand of iceblast (8)
 r - a wand of flame (16)
 B - a wand of digging (3)
 H - a wand of paralysis (18)
 R - a wand of quicksilver (6)
Scrolls
 a - a scroll of butterflies
 b - 8 scrolls of teleportation
 e - a scroll of fear
 h - 3 scrolls of enchant weapon
 i - 2 scrolls of torment
 j - 2 scrolls of amnesia
 n - a scroll of vulnerability {unknown}
 p - a scroll of fog {unknown}
 x - a scroll of poison {unknown}
 y - 5 scrolls of enchant armour
 K - 2 scrolls of magic mapping
 Q - 2 scrolls of blinking
Potions
 f - 4 potions of haste
 q - 4 potions of berserk rage
 s - 3 potions of mutation
 t - a potion of lignification {unknown}
 u - 3 potions of heal wounds
 v - 2 potions of attraction {unknown}
 w - a potion of brilliance {unknown}
 A - 4 potions of might
 D - 11 potions of curing
 L - a potion of cancellation {unknown}
 O - a potion of magic {unknown}
 P - 2 potions of invisibility {unknown}
 S - a potion of resistance {unknown}


   Skills:
 + Level 8.6 Fighting
 - Level 7.6 Axes
 * Level 1.3 Staves
 + Level 9.1 Dodging
 - Level 5.0 Stealth
 - Level 5.0 Shields
 + Level 10.3 Spellcasting
 + Level 10.3 Conjurations
 + Level 10.3 Hexes
 + Level 10.3 Summonings
 + Level 10.3 Necromancy
 + Level 10.3 Translocations
 + Level 10.3 Transmutations
 + Level 10.3 Fire Magic
 + Level 10.3 Ice Magic
 + Level 10.3 Air Magic
 + Level 10.3 Earth Magic
 + Level 10.3 Poison Magic
 + Level 7.9 Invocations
 - Level 4.0 Evocations


You knew the following spells:

 Your Spells              Type           Power      Damage    Failure   Level
a - Foxfire               Conj/Fire      100%       2x1d9     1%          1
b - Scorch                Fire           100%       2d9       1%          2
c - Volatile Blastmotes   Fire/Tloc      100%       2d18      1%          3
d - Inner Flame           Hex/Fire       53%        N/A       1%          3
e - Flame Wave            Conj/Fire      53%        2d13      1%          4
f - Shock                 Conj/Air       100%       1d9       1%          1
g - Wereblood             Tmut           53%        N/A       1%          2
h - Summon Guardian Gole  Hex/Summ       53%        N/A       1%          3
i - Spider Form           Tmut/Pois      53%        N/A       1%          3
j - Olgreb's Toxic Radia  Pois           53%        N/A       1%          4
k - Metabolic Englaciati  Hex/Ice        26%        N/A       1%          5
Your spell library was empty.

Dungeon Overview and Level Annotations

Branches:
Dungeon (11/15)            Temple (1/1) D:4            Lair (3/5) D:10
 Shoals (0/4) Lair:2       Spider (0/4) Lair:3
    Orc: D:9-12

Altars:
Ashenzari
Cheibriados
Dithmenos
Elyvilon
Fedhas
Gozag
Hepliaklqana
Makhleb
Nemelex Xobeh
Okawaru
Qazlal
Ru
Trog
Uskayaw
Wu Jian
Xom
Yredelemnul
Zin
The Shining One

Annotations:
Lair:1 exclusion: hydra


Innate Abilities, Weirdness & Mutations

You are immune to sickness and miasma.
You are immune to poison.
Your flesh is very heat resistant. (rF++)
You are vulnerable to cold. (rC-)
You float through the air rather than walking.
You learn spells naturally, not from books.
Your magical power is your life essence.
You have superior vitality. (+4 MHP)


Message History

The elephant trunk-slaps you but does no damage.
You block the elephant's attack. The elephant barely misses you.
You slash the elephant!
The elephant is almost dead.
You slash the elephant! You block the elephant's attack.
The elephant trunk-slaps you. The elephant tramples you!
You are shoved backwards!
You slash the elephant!
You kill the elephant!
Makhleb accepts your kill.
You feel better.
You hit the elephant. The elephant tramples you!
You are shoved backwards!
The elephant closely misses you.
The elephant trunk-slaps you but does no damage.
The elephant tramples you!
* * * LOW HITPOINT WARNING * * *
You are shoved backwards!
The elephant attacks as you move away! The elephant tramples you!
* * * LOW HITPOINT WARNING * * *
You block the elephant's attack.
Casting: Scorch (safe; 1% risk of failure)
Confirm with . or Enter, or press ? or * to list all spells.
Casting: Metabolic Englaciation (dangerous; 1% risk of failure)
Press: ? - help, Dir - look around, f - activate You radiate an aura of cold.
The elephant seems to slow down.
* * * LOW HITPOINT WARNING * * *
The elephant tramples you.
* * * LOW HITPOINT WARNING * * *
You are shoved backwards!
The elephant is no longer moving slowly.
The elephant attacks as you move away! The elephant tramples you!
* * * LOW HITPOINT WARNING * * *
You block the elephant's attack.
Casting: Metabolic Englaciation (dangerous; 1% risk of failure)
Confirm with . or Enter, or press ? or * to list all spells.
Casting: Metabolic Englaciation (dangerous; 1% risk of failure)
Press: ? - help, Dir - look around, f - activate You radiate an aura of cold.
The elephant seems to slow down.
* * * LOW HITPOINT WARNING * * *
The elephant tramples you!
You die...

#+###...................##......#
.........P#.#.#.#.#.#...#.####.##
........................#.##.#+..
..........#.#.#.#.#..............
.................................
..........#.#.#.#.#..............
##P.###..................#.#...#.
#######...#.#.#.#.#.....#.##.##..
....#~.........Y@.>.....##....##.
......~...#.#.#.#.#.....##....##.
...~~~~~~.+.......#......#....#..
...~#.#~..###.P.#.......#........
..~~.>.~..#####..#P.....##....##.
P.~~#.#~..#.#.#.###.....#.....#P.
#.~~~~~~................#.P.P.##.
P..(~~~.................#.#.P.##.
.................................


You could see an elephant (slow).

Vanquished Creatures
  4 hydras
  A catoblepas (Lair:1)
  A two-headed ogre (D:9)
  A skyshark (Lair:2)
  3 harpies (Lair:2)
  A black mamba (Lair:1)
  5 elephants
  10 cane toads
  A gargoyle (D:10)
  A kobold demonologist (D:9)
  6 komodo dragons
  2 trolls (D:9)
  A polar bear (Lair:2)
  Grinder (D:6)
  6 blink frogs
  9 dream sheep
  Sigmund (D:3)
  A shadow (D:10)
  5 wyverns
  2 wraiths
  45 yaks
  Eustachio (D:6)
  3 steam dragons
  3 basilisks
  2 redbacks (Lair:3)
  2 acid dragons
  2 wargs (D:10)
  9 water moccasins
  6 orc warriors
  3 ice beasts
  2 black bears
  2 sky beasts
  4 wolves
  2 ogres
  2 centaurs
  4 kobold brigands
  A phantom (D:5)
  9 bullfrogs
  3 scorpions
  4 wights
  3 killer bees (D:8)
  4 howler monkeys
  8 electric eels
  4 hounds
  4 jellies
  5 orc priests
  3 gnoll boudas
  Crazy Yiuf (D:3)
  Jessica (D:3)
  2 sleepcaps
  Terence (D:2)
  3 iguanas (D:6)
  Natasha (thrice) (D:3)
  13 orc wizards
  Robin (D:2)
  10 adders
  7 gnolls
  2 shadow imps
  2 white imps
  2 worms
  2 dart slugs
  46 orcs
  11 ball pythons
  10 bats
  6 endoplasms
  4 giant cockroaches
  14 goblins
  11 hobgoblins
  4 jackals
  42 kobolds
  5 quokkas
  3 frilled lizards
  7 rats
415 creatures vanquished.

Vanquished Creatures (collateral kills)
  12 foxfires
12 creatures vanquished.

Vanquished Creatures (others)
  An orc priest (D:8)
  1031 foxfires
1032 creatures vanquished.

Grand Total: 1459 creatures vanquished

Notes
Turn   | Place    | Note
-------+----------+-------------------------------------------
     0 | D:1      | erloom the Djinni Fire Elementalist began the quest for the
                  | Orb.
     0 | D:1      | erloom set off with the following spells memorised:
                  | Foxfire, Scorch, Volatile Blastmotes, Inner Flame, Flame
                  | Wave.
     0 | D:1      | Reached XP level 1. HP: 15/15 MP: 0/0
   135 | D:1      | Reached XP level 2. HP: 17/21 MP: 0/0
   415 | D:1      | Reached XP level 3. HP: 21/25 MP: 0/0
   415 | D:1      | Learned a level 1 spell: Shock
   877 | D:2      | Reached XP level 4. HP: 26/31 MP: 0/0
  1152 | D:2      | Noticed Terence
  1173 | D:2      | Killed Terence
  1541 | D:2      | Noticed Robin
  1555 | D:2      | Reached XP level 5. HP: 15/35 MP: 0/0
  1555 | D:2      | Learned a level 2 spell: Wereblood
  1568 | D:2      | Killed Robin
  2050 | D:3      | Identified the +10 war axe of Voku {heavy, rElec}
  2306 | D:3      | Noticed Sigmund
  2355 | D:3      | Noticed Jessica
  2359 | D:3      | Killed Jessica
  2360 | D:3      | Reached skill level 1 in Axes
  2407 | D:3      | Found a runed translucent door.
  2408 | D:3      | Noticed Crazy Yiuf
  2433 | D:3      | Reached XP level 6. HP: 38/40 MP: 0/0
  2729 | D:4      | Reached skill level 1 in Fighting
  2750 | D:4      | Found a staircase to the Ecumenical Temple.
  2763 | Temple   | Entered the Ecumenical Temple
  3052 | D:4      | Reached XP level 7. HP: 27/47 MP: 0/0
  3052 | D:4      | Learned a level 3 spell: Summon Guardian Golem
  3252 | D:3      | Found a stormy altar of Qazlal.
  3254 | D:3      | Found a faded altar of an unknown god.
  3254 | D:3      | Noticed Natasha
  3429 | D:4      | Found a hide-covered altar of Uskayaw.
  3685 | D:3      | Killed Natasha
  3710 | D:3      | Killed Sigmund
  3711 | D:3      | Reached skill level 5 in Spellcasting
  3711 | D:3      | Reached skill level 5 in Conjurations
  3711 | D:3      | Reached skill level 5 in Hexes
  3711 | D:3      | Reached skill level 5 in Summonings
  3711 | D:3      | Reached skill level 5 in Necromancy
  3711 | D:3      | Reached skill level 5 in Translocations
  3711 | D:3      | Reached skill level 5 in Transmutations
  3711 | D:3      | Reached skill level 5 in Fire Magic
  3711 | D:3      | Reached skill level 5 in Ice Magic
  3711 | D:3      | Reached skill level 5 in Air Magic
  3711 | D:3      | Reached skill level 5 in Earth Magic
  3711 | D:3      | Reached skill level 5 in Poison Magic
  3830 | D:3      | Noticed Natasha
  3836 | D:3      | Killed Natasha
  3948 | D:3      | Noticed Natasha
  3951 | D:3      | Killed Natasha
  4128 | D:3      | Killed Crazy Yiuf
  4263 | D:5      | Entered Level 5 of the Dungeon
  4321 | D:5      | Reached XP level 8. HP: 51/56 MP: 0/0
  4606 | D:5      | Found a burning altar of Makhleb.
  4618 | D:5      | Became a worshipper of Makhleb the Destroyer
  4923 | D:5      | Reached XP level 9. HP: 58/60 MP: 0/0
  4923 | D:5      | Learned a level 3 spell: Spider Form
  5320 | D:6      | Reached * piety under Makhleb
  5501 | D:6      | Found a white marble altar of Elyvilon.
  5606 | D:6      | Noticed Grinder
  5611 | D:6      | Killed Grinder
  5999 | D:6      | Noticed Eustachio
  6005 | D:6      | Killed Eustachio
  6028 | D:7      | Reached skill level 1 in Invocations
  6028 | D:7      | Reached skill level 1 in Evocations
  6033 | D:7      | Reached ** piety under Makhleb
  6039 | D:7      | Reached skill level 5 in Dodging
  6135 | D:7      | You are sucked into a shaft and drop 1 floor!
  6147 | D:8      | Reached XP level 10. HP: 62/69 MP: 0/0
  6163 | D:8      | Reached skill level 5 in Fighting
  6697 | D:7      | Found a broken altar of Ashenzari.
  7098 | D:7      | Reached skill level 5 in Axes
  7605 | D:8      | Found a faded altar of an unknown god.
  7613 | D:8      | Found a faded altar of an unknown god.
  7615 | D:8      | Found an iron altar of Okawaru.
  7617 | D:8      | Found a bloodstained altar of Trog.
  7844 | D:8      | Found a sparkling altar of Nemelex Xobeh.
  7965 | D:8      | Reached *** piety under Makhleb
  8149 | D:9      | Noticed a kobold demonologist
  8161 | D:9      | Killed a kobold demonologist
  8162 | D:9      | Reached skill level 1 in Shields
  8382 | D:9      | Noticed a two-headed ogre
  8403 | D:9      | Killed a two-headed ogre
  8533 | D:9      | Reached XP level 11. HP: 74/75 MP: 0/0
  8533 | D:9      | Learned a level 4 spell: Olgreb's Toxic Radiance
  9152 | D:10     | Entered Level 10 of the Dungeon
  9388 | D:10     | Reached skill level 10 in Spellcasting
  9388 | D:10     | Reached skill level 10 in Conjurations
  9388 | D:10     | Reached skill level 10 in Hexes
  9388 | D:10     | Reached skill level 10 in Summonings
  9388 | D:10     | Reached skill level 10 in Necromancy
  9388 | D:10     | Reached skill level 10 in Translocations
  9388 | D:10     | Reached skill level 10 in Transmutations
  9388 | D:10     | Reached skill level 10 in Fire Magic
  9388 | D:10     | Reached skill level 10 in Ice Magic
  9388 | D:10     | Reached skill level 10 in Air Magic
  9388 | D:10     | Reached skill level 10 in Earth Magic
  9388 | D:10     | Reached skill level 10 in Poison Magic
  9866 | D:10     | Reached **** piety under Makhleb
  9890 | D:10     | Found a staircase to the Lair.
  9968 | D:10     | Found a blossoming altar of Fedhas.
 10346 | D:11     | Noticed a cyclops
 10352 | D:11     | Noticed a two-headed ogre
 10581 | Lair:1   | Entered Level 1 of the Lair of Beasts
 10623 | Lair:1   | Noticed a catoblepas
 10689 | Lair:1   | Reached XP level 12. HP: 55/82 MP: 0/0
 10758 | Lair:1   | Reached skill level 5 in Invocations
 10785 | Lair:1   | Noticed a six-headed hydra
 10943 | Lair:1   | Killed a catoblepas
 11662 | Lair:2   | Noticed an eight-headed hydra
 11674 | Lair:2   | Killed an eight-headed hydra
 11720 | Lair:2   | Noticed a four-headed hydra
 11730 | Lair:2   | Killed a four-headed hydra
 11956 | Lair:2   | Reached skill level 5 in Stealth
 12028 | Lair:1   | Reached ***** piety under Makhleb
 12113 | Lair:2   | Noticed a skyshark
 12151 | Lair:2   | Reached XP level 13. HP: 65/90 MP: 0/0
 12151 | Lair:2   | Learned a level 5 spell: Metabolic Englaciation
 12217 | Lair:2   | Found a staircase to the Shoals.
 12723 | Lair:3   | Noticed a five-headed hydra
 13160 | Lair:3   | Noticed a five-headed hydra
 13307 | Lair:2   | Upgraded the game from 0.31-a0-145-g046c7d2549 to
                  | 0.31-a0-149-g3fdcc5976a
 13473 | Lair:3   | Found the +7 lajatang of Order {silver, rMut}
 13619 | Lair:3   | Killed a five-headed hydra
 13620 | Lair:3   | Reached skill level 5 in Shields
 13790 | Lair:3   | Found a hole to the Spider Nest.
 13868 | Lair:3   | Killed a five-headed hydra
 13921 | Lair:3   | Reached skill level 1 in Staves
 13984 | Lair:2   | Slain by an elephant

Illustrated notes

Levels and vault maps discovered:
D:1:      dpeg_arrival_solitude, layout_basic, serial_glass, glass_columns_a,
          glass_columns_a, glass_columns_a, glass_columns_b, glass_columns_b,
          glass_columns_a, item_on_display_a, feat_on_display,
          minmay_close_crescents
D:2:      layout_basic, nicolae_concentric_dashed_squares_mild,
          nrook_mini_vaults, grunt_ministairs_15, uniq_terence, uniq_robin
D:3:      layout_basic, nicolae_overflow_ecumenical_swirl,
          grunt_decor_resistance, chequers_serial_rivers_micro_d, uniq_sigmund,
          uniq_crazy_yiuf_cottage, uniq_natasha, uniq_jessica
D:4:      kennysheep_kobold_camp, layout_rooms, nicolae_uskayaw_dance_hall,
          temple_statues, minmay_vboxes
D:5:      layout_basic, nicolae_overflow_crystal_walls, grunt_ministairs_9,
          grunt_tough_drop
D:6:      layout_cave_pools, kennysheep_mini, uniq_grinder, uniq_eustachio
D:7:      layout_loops_cross, mainiacjoe_overflow_concentric_impassable,
          water_boxes_lemuel
D:8:      layout_rooms, nemelex_diamond_rough_becter,
          chequers_temple_overflow_minitemple
D:9:      layout_loops_ring
D:10:     layout_layer_cave, mainiacjoe_overflow_alcove_2,
          erik_lair_orcish_takeover, minmay_fractal_squares_5
D:11:     layout_basic, uniq_josephine
Temple:   hc_temple_tempest_star
Lair:1:   cheibrodos_lair_river_kwai, layout_misc_corridors
Lair:2:   layout_regular_city, nicolae_shoals_entry_roost, st_stairs_9,
          infiniplex_staircase_pool
Lair:3:   layout_hall_layers, spider_nest_entry_webs, serial_bayou_lagoon_b

Skill      XL: |  1  2  3  4  5  6  7  8  9 10 11 12 13 |
---------------+----------------------------------------+-----
Spellcasting   | 4 5 7 8 10 | 10.3
Conjurations   | 4 5 7 8 10 | 10.3
Hexes          | 4 5 7 8 10 | 10.3
Summonings     | 4 5 7 8 10 | 10.3
Necromancy     | 4 5 7 8 10 | 10.3
Translocations | 4 5 7 8 10 | 10.3
Transmutations | 4 5 7 8 10 | 10.3
Fire Magic     | 4 5 7 8 10 | 10.3
Ice Magic      | 4 5 7 8 10 | 10.3
Air Magic      | 4 5 7 8 10 | 10.3
Earth Magic    | 4 5 7 8 10 | 10.3
Poison Magic   | 4 5 7 8 10 | 10.3
Stealth        | 2 3 5 |  5.0
Axes           | 1 3 4 5 6 7 |  7.6
Fighting       | 1 3 4 5 7 8 |  8.6
Dodging        | 3 5 7 9 |  9.1
Invocations    | 1 4 6 7 |  7.9
Evocations     | 1 4 |  4.0
Shields        | 3 4 5 |  5.0
Staves         | 1 |  1.3

Action                     |  1- 3 |  4- 6 |  7- 9 | 10-12 | 13-15 || total
---------------------------+-------+-------+-------+-------+-------++-------
  Melee: War axe           |       |    40 |    82 |   132 |    76 ||   330
         Punch             |       |       |     2 |       |       ||     2
   Cast: Foxfire           |    69 |    72 |   149 |   268 |    99 ||   657
         Scorch            |     1 |     6 |    23 |    75 |    48 ||   153
         Volatile Blastmot |       |     2 |     6 |    16 |     5 ||    29
         Inner Flame       |       |       |     4 |    22 |     9 ||    35
         Summon Guardian G |       |       |     1 |     1 |       ||     2
         Olgreb's Toxic Ra |       |       |       |     5 |       ||     5
         Shock             |       |       |       |     2 |       ||     2
         Metabolic Englaci |       |       |       |       |    12 ||    12
         Wereblood         |       |       |       |       |     2 ||     2
         Flame Wave        |       |       |       |       |     2 ||     2
    Use: Scroll            |       |       |       |    11 |     6 ||    17
   Stab: Sleeping          |       |     1 |     2 |       |     1 ||     4
         Petrified         |       |       |       |     1 |       ||     1
 Armour: Robe              |     3 |    13 |    23 |       |       ||    39
         Steam dragon scal |       |       |       |    15 |       ||    15
         Troll leather arm |       |       |       |    33 |    27 ||    60
  Dodge: Dodged            |     7 |    37 |    70 |   135 |   103 ||   352
  Block: Other             |       |     2 |    37 |     7 |       ||    46
         Reflection        |       |       |     3 |     9 |       ||    12
         Buckler           |       |       |       |   109 |    81 ||   190

Table legend: (Time is in decaauts)
 A = Elapsed time spent in this place.
 B = Non-inter-level travel time spent in this place.
 C = Inter-level travel time spent in this place.
 D = Time resting spent in this place.
 E = Time spent auto-exploring this place.
 F = Levels seen in this place.
 G = Mean time per level.
                   A        B        C        D        E       F      G
               +--------+--------+--------+--------+--------+-----+--------+
         Total |  14331 |  13707 |    624 |   1102 |   8628 |  15 |  955.4 |
       Dungeon |  10707 |  10276 |    431 |    520 |   7012 |  11 |  973.4 |
        Temple |    106 |     97 |      9 |      0 |     82 |   1 |  106.0 |
          Lair |   3517 |   3333 |    184 |    582 |   1534 |   3 | 1172.3 |
               +--------+--------+--------+--------+--------+-----+--------+

Top non-repeatable levels by time:
  Lair:2: 1690 daAuts
     D:2: 1404 daAuts
     D:3: 1287 daAuts
     D:8: 1180 daAuts
    D:10: 1114 daAuts
  Lair:1: 1104 daAuts
     D:5: 1059 daAuts
     D:9: 1052 daAuts
     D:4: 942 daAuts
     D:7: 888 daAuts
     D:6: 770 daAuts
  Lair:3: 722 daAuts
     D:1: 662 daAuts
    D:11: 345 daAuts
  Temple: 106 daAuts
